 Dungeon Crawl Stone Soup version 0.23.2 (webtiles) character file.

Game seed: 16389698835177091653

415 Peloso the Shield-Bearer (level 6, 0/55 HPs)
             Began as a Minotaur Fighter on Apr 1, 2019.
             Slain by an orc warrior
             ... wielding a +0 mace
              (4 damage)
             ... on level 3 of the Dungeon.
             The game lasted 00:06:58 (2717 turns).

Peloso the Shield-Bearer (Minotaur Fighter)         Turns: 2717, Time: 00:06:58

Health: 0/55       AC:  9    Str: 21    XL:     6   Next: 60%
Magic:  14/14      EV:  6    Int:  5    God:
Gold:   87         SH: 10    Dex: 11    Spells: 5/5 levels left

rFire    . . .     SeeInvis .   a - +2 falchion
rCold    . . .     Gourm    +   c - +0 shield
rNeg     . . .     Faith    .   e - +0 chain mail
rPois    .         Spirit   .   (helmet restricted)
rElec    .         Reflect  .   (no cloak)
rCorr    .         Harm     .   (no gloves)
MR       .....                  (no boots)
Stlth    ..........             n - amulet of the gourmand
HPRegen  0.18/turn              t - ring of magical power
MPRegen  0.14/turn              (no ring)

@: no status effects
A: retaliatory headbutt, horns 2
a: no special abilities


You were on level 3 of the Dungeon.
You were not hungry.

You visited 1 branch of the dungeon, and saw 4 of its levels.

You collected 87 gold pieces.

Inventory:

Hand Weapons
 a - a +2 falchion (weapon)
Armour
 b - a +0 scale mail
 c - a +0 shield (worn)
 e - a +0 chain mail (worn)
Jewellery
 n - an amulet of the gourmand (around neck)
 t - a ring of magical power (left hand)
Wands
 u - a wand of polymorph (5)
Scrolls
 h - 2 scrolls of enchant armour {unknown}
 j - 2 scrolls of identify {unknown}
 m - 4 scrolls of teleportation {unknown}
 o - 2 scrolls of remove curse {unknown}
 p - a scroll of amnesia {unknown}
 q - a scroll of fear {unknown}
 r - a scroll of random uselessness {unknown}
Potions
 d - 2 potions of might
 g - a potion of heal wounds {unknown}
 i - 2 potions of agility {unknown}
 k - a potion of brilliance {unknown}
 l - 2 potions of curing {unknown}
 s - a potion of cancellation {unknown}
Comestibles
 f - 5 rations


   Skills:
 + Level 4.9 Fighting
 + Level 5.4 Long Blades
 + Level 5.2 Armour
 + Level 0.8 Dodging
 + Level 5.4 Shields


You had 5 spell levels left.
You didn't know any spells.
Your spell library contained the following spells:

 Spells                   Type           Power        Failure   Level  Hunger
 Corona                   Hex            #......      100%        1    ##.....
 Ensorcelled Hibernation  Hex/Ice        #.....       100%        2    ###....
 Confuse                  Hex            #.......     100%        3    ####...
 Dazzling Spray           Conj/Hex       #.....       100%        3    ####...
 Tukima's Dance           Hex            #.......     100%        3    ####...


Dungeon Overview and Level Annotations

Branches:
Dungeon (4/15)
 Temple: D:4-7

Altars:
Makhleb


Innate Abilities, Weirdness & Mutations

You reflexively headbutt those who attack you in melee.
You have a pair of horns on your head.


Message History

Your chain mail prevents you from hitting the orc warrior.
Your headbutt misses the orc warrior.
The orc warrior is lightly wounded.
You block the orc warrior's attack.
You barely miss the orc warrior.
The orc warrior is lightly wounded.
The orc warrior hits you with a +0 mace.
* * * LOW HITPOINT WARNING * * *
You hit the orc warrior but do no damage.
The orc warrior is lightly wounded.
The orc warrior hits you with a +0 mace!
* * * LOW HITPOINT WARNING * * *
You completely miss the orc warrior.
The orc warrior is lightly wounded.
The orc warrior completely misses you. You furiously retaliate!
You headbutt the orc warrior, but do no damage.
You hit the orc warrior.
The orc warrior is lightly wounded.
The orc warrior hits you with a +0 mace.
You die...

#.### ######...# #....#.#.#
#.#.##.#.# #.#.##.#.#
############ #.#.##.#.#
#........#.# #.#.##.#.#
#........#.. #.#.##.#.#
#........#.# #.#.##@#.#
###....###.# #.#.##o#.# #....#
#.# #.#.##.#.#####....###.#
#.#.##.#.#............# #####
#.#.##.#.#.###....###.#
....#######.#.##.#.#.# #....# #.#
..............##.#.#.##########.#
....#######.#.##[#...............
....#######.####.#.....#.........


You could see an orc warrior.

Vanquished Creatures
  A scorpion (D:3)
  3 wights
  An orc priest (D:3)
  A hound (D:3)
  An orc wizard (D:4)
  Robin (D:4)
  6 adders
  2 oozes
  A worm (D:3)
  A dart slug (D:2)
  4 leopard geckos
  5 orcs (D:3)
  A ball python (D:1)
  7 bats
  4 giant cockroaches
  15 goblins
  10 hobgoblins
  2 jackals (D:1)
  5 kobolds
  A quokka (D:3)
  5 frilled lizards
  8 rats
85 creatures vanquished.

Notes
Turn   | Place    | Note
-------+----------+-------------------------------------------
     0 | D:1      | Peloso the Minotaur Fighter began the quest for the Orb.
     0 | D:1      | Reached XP level 1. HP: 19/19 MP: 0/0
   172 | D:1      | Reached XP level 2. HP: 22/27 MP: 1/1
   495 | D:1      | Reached XP level 3. HP: 33/33 MP: 2/2
   793 | D:2      | Reached XP level 4. HP: 36/40 MP: 3/3
  1151 | D:3      | Reached XP level 5. HP: 24/46 MP: 4/4
  1875 | D:3      | Found a burning altar of Makhleb.
  2157 | D:4      | Noticed Robin
  2452 | D:3      | Reached skill level 5 in Long Blades
  2452 | D:3      | Reached skill level 5 in Shields
  2567 | D:4      | Reached skill level 5 in Armour
  2578 | D:4      | Killed Robin
  2578 | D:4      | Reached XP level 6. HP: 46/53 MP: 5/5
  2602 | D:4      | Noticed an orc warrior
  2717 | D:3      | Slain by an orc warrior

Skill      XL: |  1  2  3  4  5 |
---------------+----------------+-----
Long Blades    | 3 4 5 |  5.4
Armour         | 4 5 |  5.2
Shields        | 4 5 |  5.4
Fighting       | 4 |  4.9
Dodging        | |  0.8

Action                   |  1- 3 |  4- 6 || total
-------------------------+-------+-------++-------
Melee: Long sword        |   111 |   151 ||   262
       Headbutt          |    16 |    25 ||    41
       Falchion          |       |    15 ||    15
  Eat: Chunk             |       |    11 ||    11
Armor: Chain mail        |    72 |    86 ||   158
Dodge: Dodged            |    27 |    34 ||    61
Block: Shield            |    69 |    78 ||   147
       Rpst.: Long sword |    10 |     8 ||    18
